 Dungeon Crawl Stone Soup version 0.23-a0-558-g30802b1 (webtiles) character file.

702 zishaf the Firebug (level 7, -4/36 HPs)
             Began as a Deep Elf Fire Elementalist on Dec 13, 2018.
             Was a Believer of Vehumet.
             Shot with an arrow by a centaur (8 damage)
             ... on level 5 of the Dungeon.
             The game lasted 00:12:19 (5201 turns).

zishaf the Firebug (Deep Elf Fire Elementalist)     Turns: 5201, Time: 00:12:19

Health: -4/36      AC:  7    Str:  5    XL:     7   Next: 39%
Magic:  14/14      EV: 12    Int: 22    God:    Vehumet [**....]
Gold:   255        SH:  0    Dex: 15    Spells: 1/13 levels left

rFire    + . .     SeeInvis .   h - +1 whip (elec)
rCold    . . .     Gourm    .   (no shield)
rNeg     . . .     Faith    .   p - +3 leather armour
rPois    .         Spirit   .   t - +0 helmet
rElec    .         Reflect  .   (no cloak)
rCorr    .         Harm     .   (no gloves)
MR       .....                  (no boots)
Stlth    ++........             g - amulet of regeneration
HPRegen  0.52/turn              q - ring of protection from fire
MPRegen  0.14/turn              (no ring)

@: heavily drained
A: no striking features
a: Renounce Religion


You were on level 5 of the Dungeon.
You worshipped Vehumet.
Vehumet was pleased with you.
You were not hungry.

You visited 1 branch of the dungeon, and saw 5 of its levels.

You collected 255 gold pieces.

Inventory:

Hand Weapons
 h - a +1 whip of electrocution (weapon)
Missiles
 s - 117 stones (quivered)
Armour
 p - a +3 leather armour (worn)
 t - a +0 helmet (worn)
Jewellery
 g - an amulet of regeneration (around neck)
 q - a ring of protection from fire (left hand)
 w - an uncursed amulet of harm
Scrolls
 a - a scroll of random uselessness {unknown}
 b - 4 scrolls of identify
 e - 2 scrolls of enchant weapon {unknown}
 f - 2 scrolls of magic mapping {unknown}
 j - 2 scrolls of enchant armour {unknown}
 k - a scroll of remove curse
 m - a scroll of immolation {unknown}
 r - 2 scrolls of teleportation {unknown}
 u - a scroll of noise {unknown}
 x - a scroll of blinking {unknown}
Potions
 d - a potion of invisibility
 i - 2 potions of might
 l - a potion of curing
 n - 3 potions of heal wounds
 v - a potion of mutation {unknown}
 z - a potion of flight {unknown}
Comestibles
 c - 11 rations
 o - 6 chunks of flesh


   Skills:
 + Level 4.3(3.2) Dodging
 + Level 4.6(3.4) Stealth
 + Level 3.8(2.6) Spellcasting
 * Level 4.7(3.5) Conjurations
 * Level 5.6(4.4) Fire Magic
 * Level 2.5(1.4) Earth Magic


You had one spell level left.
You knew the following spells:

 Your Spells              Type           Power        Failure   Level  Hunger
a - Flame Tongue          Conj/Fire      ###..        4%          1    None
b - Throw Flame           Conj/Fire      ###...       6%          2    ##.....
c - Conjure Flame         Conj/Fire      ###.....     13%         3    ###....
d - Sandblast             Erth           #.....       12%         1    None
e - Fireball              Conj/Fire      ###.......   75%         5    ######.

Your spell library contained the following spells:

 Spells                   Type           Power        Failure   Level  Hunger
 Throw Frost              Conj/Ice       ##....       16%         2    ##.....
 Animate Skeleton         Necr           N/A          22%         1    None
 Apportation              Tloc           #.....       22%         1    None
 Confusing Touch          Hex            #.....       22%         1    None
 Summon Small Mammal      Summ           #...         22%         1    None
 Inner Flame              Hex/Fire       ##......     26%         3    ###....
 Sticky Flame             Conj/Fire      ###.....     38%         4    ####...


Dungeon Overview and Level Annotations

Branches:
Dungeon (5/15)
 Temple: D:4-7

Altars:
Kikubaaqudgha
Qazlal
Ru
Vehumet

Annotations:
D:4 3 runed doors, kylix's ghost, amateur VSMo; rogueplayer's ghost, amateur SpEn


Message History

Press: ? - help, Shift-Dir - straight line, f - orc
Aim: an orc, wielding a -1 club The flame tongue hits the orc.
You kill the orc!
Vehumet accepts your kill.
You feel your power returning.
The centaur shoots an arrow.
The arrow closely misses you.
A worker ant comes into view.
The centaur shoots an arrow.
The arrow hits you!
You see here an arrow.
The centaur shoots an arrow.
The arrow hits you.
You see here an arrow.
The centaur shoots an arrow.
The arrow hits you.
You see here an arrow.
The centaur shoots an arrow.
The arrow hits you!
* * * LOW HITPOINT WARNING * * *
The worker ant waves its antennae.
You see here an arrow.
The centaur shoots an arrow.
The arrow hits you!
You die...

#(#...#
#...#.c.#
#.#a#...#
#.).#...# #
#c#...# ..#a..#
#.#(..# ..#(.##
#.@############
#..>..........#
#.[...#######.#
#.....# #.....#
+.....# #.#####
#.....# #.#
#.....# #.#
#.....# #.#
#.....# #.#


You could see a centaur and a worker ant.

Vanquished Creatures
  Purgy (D:3)
  2 ogres (D:4)
  A bullfrog zombie (D:5)
  An orc wizard (D:3)
  2 iguanas
  Natasha (thrice) (D:2)
  2 worker ants
  A hound zombie (D:5)
  A hound skeleton (D:5)
  5 adders
  An ooze (D:1)
  2 adder skeletons (D:4)
  7 worms
  3 leopard geckos
  15 orcs
  2 giant cockroaches
  6 goblins
  5 hobgoblins
  8 jackals
  7 kobolds
  2 quokkas
  6 bats
  5 frilled lizards
  2 leopard gecko skeletons
  A quokka skeleton (D:4)
  14 rats
105 creatures vanquished.

Vanquished Creatures (others)
  A withered plant (D:4)
1 creature vanquished.

Grand Total: 106 creatures vanquished

Notes
Turn   | Place    | Note
-------+----------+-------------------------------------------
     0 | D:1      | zishaf the Deep Elf Fire Elementalist began the quest for
                  | the Orb.
     0 | D:1      | Reached XP level 1. HP: 10/10 MP: 6/6
   132 | D:1      | Reached XP level 2. HP: 13/15 MP: 0/8
   139 | D:1      | Learned a level 2 spell: Throw Flame
   778 | D:2      | Reached XP level 3. HP: 19/19 MP: 9/9
   939 | D:2      | Reached skill level 4 in Fire Magic
  1077 | D:2      | Found a radiant altar of Vehumet.
  1080 | D:2      | Reached XP level 4. HP: 24/24 MP: 2/10
  1093 | D:2      | Became a worshipper of Vehumet
  1293 | D:2      | Noticed Natasha
  1300 | D:2      | Killed Natasha
  1489 | D:2      | Noticed Natasha
  1496 | D:2      | Killed Natasha
  1496 | D:2      | Reached XP level 5. HP: 24/28 MP: 8/11
  1550 | D:2      | Found a radiant altar of Vehumet.
  1604 | D:2      | Noticed Natasha
  1612 | D:2      | Killed Natasha
  1662 | D:3      | Found a stormy altar of Qazlal.
  1722 | D:3      | Noticed Purgy
  1735 | D:3      | Learned a level 3 spell: Conjure Flame
  2399 | D:3      | Found a sacrificial altar of Ru.
  2440 | D:3      | Reached * piety under Vehumet
  2440 | D:3      | Offered knowledge of Sandblast by Vehumet.
  2479 | D:3      | Learned a level 1 spell: Sandblast
  3195 | D:3      | Found a stormy altar of Qazlal.
  3539 | D:3      | Killed Purgy
  3539 | D:3      | Reached skill level 5 in Fire Magic
  3539 | D:3      | Reached skill level 1 in Earth Magic
  3539 | D:3      | Reached XP level 6. HP: 32/32 MP: 0/12
  3640 | D:3      | Found a sacrificial altar of Ru.
  4380 | D:4      | Reached XP level 7. HP: 36/36 MP: 2/14
  4582 | D:4      | Found an ancient bone altar of Kikubaaqudgha.
  4673 | D:4      | Found a runed gate.
  4673 | D:4      | Found a runed gate.
  4673 | D:4      | Found a runed gate.
  4680 | D:4      | Noticed kylix's ghost (amateur VSMo)
  4687 | D:4      | Noticed rogueplayer's ghost (amateur SpEn)
  4875 | D:4      | Learned a level 5 spell: Fireball
  4999 | D:5      | Entered Level 5 of the Dungeon
  5100 | D:5      | Reached ** piety under Vehumet
  5100 | D:5      | Offered knowledge of Throw Frost by Vehumet.
  5201 | D:5      | Shot with an arrow by a centaur

Vault maps used:
D:1:      dpeg_arrival_windows_large_door, minmay_misc_feat_ornament
D:2:      lemuel_round_altar, uniq_natasha
D:3:      hangedman_ru_absence, nicolae_qazlal_general_emergency, uniq_purgy
D:4:      kiku_gazebo_garden_becter, gammafunk_ghost_cemetery, first_ration
D:5:      grunt_gozag_statues, hangedman_minor_gate_pass

Skill      XL: |  1  2  3  4  5  6 |
---------------+-------------------+-----
Stealth        | 3 4 |  4.6
Conjurations   | 2 3 4 |  4.7
Dodging        | 3 4 |  4.3
Fire Magic     | 4 5 |  5.6
Earth Magic    | 1 2 |  2.5
Spellcasting   | |  3.8

Action                   |  1- 3 |  4- 6 |  7- 9 || total
-------------------------+-------+-------+-------++-------
Melee: Unarmed           |     1 |       |       ||     1
       Whip              |     9 |    74 |    39 ||   122
 Cast: Flame Tongue      |    58 |    88 |    20 ||   166
       Throw Flame       |     3 |     4 |     3 ||    10
       Conjure Flame     |       |     6 |       ||     6
  Use: Scroll            |       |     5 |     1 ||     6
 Stab: Sleeping          |     3 |    10 |     1 ||    14
  Eat: Chunk             |       |     8 |     3 ||    11
       Ration            |       |     1 |       ||     1
Armor: Robe              |     5 |     7 |       ||    12
       Leather armour    |       |    31 |    14 ||    45
Dodge: Dodged            |    19 |    53 |    26 ||    98

Table legend:
 A = Non-vault XP
 B = Vault XP
 C = Vault XP percentage of total XP
 D = Non-vault monster count
 E = Vault monster count
 F = Vault count percentage of total count
                 A         B        C        D         E       F
            +---------+---------+-------+---------+---------+-------
      Total |     807 |     197 |  19.6 |     101 |       4 |   3.8
            +---------+---------+-------+---------+---------+-------
        D:1 |      40 |       0 |   0.0 |      23 |       0 |   0.0
        D:2 |     162 |      36 |  18.2 |      27 |       1 |   3.6
        D:3 |     101 |     136 |  57.4 |      27 |       1 |   3.6
        D:4 |     363 |       0 |   0.0 |      19 |       0 |   0.0
        D:5 |     141 |      25 |  15.1 |       5 |       2 |  28.6
            +---------+---------+-------+---------+---------+-------
